 Dungeon Crawl Stone Soup version 0.19-a0-1886-gd64a0f0 (webtiles) character file.

2382 Grim the Grappler (level 9, 0/127 HPs)
             Began as a Troll Monk on Oct 15, 2016.
             Was a Priest of Ru.
             Succumbed to a killer bee's poison
             ... on level 8 of the Dungeon.
             The game lasted 00:14:37 (5861 turns).

Grim the Grappler (Troll Monk)                      Turns: 5861, Time: 00:14:38

Health: 0/127      AC:  6    Str: 26    XL:     9   Next: 22%
Magic:  7/7        EV: 11    Int:  8    God:    Ru [***...]
Gold:   262        SH:  0    Dex: 19    Spells: 0 memorised, 8 levels left

rFire  . . .     SeeInvis .       - Unarmed
rCold  . . .     Gourm    +     a - +0 robe
rNeg   . . .     Faith    .     (shield unavailable)
rPois  .         Spirit   .     (helmet restricted)
rElec  .         Dismiss  .     C - +0 cloak
rCorr  .         Reflect  .     (gloves unavailable)
MR     .....     Harm     .     (boots unavailable)
Stlth  ..........               (no amulet)
                                n - +4 ring of dexterity
                                (ring unavailable)

@: berserking, lethally poisoned (0 -> -2), very slightly contaminated, hasted,
very quick
A: unfitting armour, claws 3, clever 1, fast metabolism 3, gourmand, low mp 1,
regeneration 1, shaggy fur 1, tough skin 2, missing a hand, missing an eye
a: Draw Out Power, Renounce Religion


You were on level 8 of the Dungeon.
You worshipped Ru.
Ru was most pleased with you.
You were very full.

You visited 2 branches of the dungeon, and saw 9 of its levels.

You collected 262 gold pieces.

Inventory:

Armour
 a - a +0 robe (worn)
 C - a +0 cloak (worn)
Jewellery
 n - a +4 ring of dexterity (right claw)
 A - an uncursed ring of protection from fire {unknown}
Wands
 y - a wand of enslavement (11/24)
 z - a wand of random effects (14/48)
Scrolls
 c - a scroll of noise {unknown}
 d - a scroll of fog
 h - 5 scrolls of remove curse
 j - a scroll of enchant armour {unknown}
 m - 2 scrolls of random uselessness {unknown}
 o - 5 scrolls of immolation
 p - 2 scrolls of amnesia
 q - a scroll of recharging {unknown}
 t - 7 scrolls of teleportation
 u - 2 scrolls of blinking {unknown}
 D - 3 scrolls of identify
Potions
 l - 2 potions of berserk rage
 s - 2 potions of curing
 v - a potion of lignification {unknown}
 w - a potion of brilliance {unknown}
 x - 2 potions of might {unknown}
Comestibles
 b - 6 bread rations
 f - 2 meat rations
 i - a beef jerky
 k - a royal jelly
 r - 6 fruits


   Skills:
 * Level 4.7 Fighting
 - Level 2.4 Dodging
 - Level 1.0 Stealth
 + Level 11.6 Unarmed Combat


You had 8 spell levels left.
You didn't know any spells.

Dungeon Overview and Level Annotations

Branches:
Dungeon (8/15)             Temple (1/1) D:5
   Lair: D:8-11

Altars:
Ashenzari
Cheibriados
Dithmenos
Elyvilon
Fedhas
Gozag
Hepliaklqana
Kikubaaqudgha
Makhleb
Nemelex Xobeh
Okawaru
Qazlal
Ru
Sif Muna
Trog
Uskayaw
Vehumet
Yredelemnul
Zin
The Shining One

Shops:
D:6 }


Innate Abilities, Weirdness & Mutations

You are too large for most types of armour.
You have claws for hands.
Your metabolism is lightning-fast.
You like to eat raw meat.
Your natural rate of healing is unusually fast.
You are covered in fur. (AC +1)
You have very tough skin. (AC +2)
You are missing a hand.
You are missing an eye, making it more difficult to aim.
Your mind is acute. (Int +2)
Your magical capacity is low. (-10% MP)


Message History

It was a potion of berserk rage.
A red film seems to cover your vision as you go berserk!
You feel yourself moving faster!
You feel mighty!
You feel sick. The killer bee stings you!
* * * LOW HITPOINT WARNING * * *
You are too berserk!
You barely miss the killer bee.
The killer bee is moderately wounded.
* * * LOW HITPOINT WARNING * * *
You feel sick. The killer bee barely misses you.
You scratch the killer bee.
The killer bee is moderately wounded.
The killer bee closely misses you.
You mangle the killer bee!!
You kill the killer bee!
* * * LOW HITPOINT WARNING * * *
You feel sick.
You barely miss the killer bee.
The killer bee is moderately wounded.
You die...

#.. #.. #.. #.. ......
#####.. .....#### #......
#....+..# #...... #....##?#
#...... #....##@# #......
#....##y# ####......
####...y##y#######.........
.................(......(..
.................^.........
.....y.....................
...........................
......####.#...............
###### #.#[..............


You could see 2 killer bees.

Vanquished Creatures
  Joseph (D:7)
  A hungry ghost (D:6)
  A necrophage (D:7)
  A black bear (D:7)
  4 ogres
  A bullfrog (D:7)
  A wyvern skeleton (D:6)
  8 killer bees
  3 wights (D:7)
  2 howler monkeys
  A crimson imp (D:6)
  A gnoll shaman (D:4)
  5 hounds
  A centaur skeleton (D:5)
  6 orc wizards
  An iguana (D:4)
  4 worker ants
  Robin (D:2)
  9 adders
  3 gnolls (D:4)
  A shadow imp (D:5)
  2 oozes
  3 adder skeletons
  A worm (D:2)
  3 dart slugs
  5 leopard geckos
  13 orcs
  3 ball pythons
  6 giant cockroaches
  15 goblins
  10 hobgoblins
  12 jackals
  A quokka (D:2)
  9 bats
  5 frilled lizards
  13 kobolds
  A quokka skeleton (D:5)
  6 rats
164 creatures vanquished.

Notes
Turn   | Place    | Note
-------+----------+-------------------------------------------
     0 | D:1      | Grim the Troll Monk began the quest for the Orb.
     0 | D:1      | Reached XP level 1. HP: 22/22 MP: 0/0
   373 | D:1      | Reached XP level 2. HP: 28/29 MP: 1/1
   604 | D:1      | Reached skill level 4 in Unarmed Combat
   730 | D:2      | Reached XP level 3. HP: 25/36 MP: 2/2
   810 | D:2      | Noticed Robin
   834 | D:2      | Killed Robin
   895 | D:2      | Reached skill level 5 in Unarmed Combat
   895 | D:2      | Reached XP level 4. HP: 44/44 MP: 3/3
  1543 | D:3      | Reached XP level 5. HP: 50/50 MP: 4/4
  1632 | D:3      | Found a shadowy altar of Dithmenos.
  1633 | D:3      | Found a hazy altar of Hepliaklqana.
  1862 | D:3      | Reached skill level 6 in Unarmed Combat
  2368 | D:4      | Noticed an ogre
  2380 | D:4      | Killed an ogre
  2380 | D:4      | Reached skill level 7 in Unarmed Combat
  2380 | D:4      | Reached XP level 6. HP: 30/59 MP: 5/5
  2612 | D:4      | Gained mutation: Your mind is acute. (Int +2) [potion of mutation]
  2612 | D:4      | Gained mutation: Your magical capacity is low. (-10% MP) [potion of mutation]
  2917 | D:4      | Reached skill level 8 in Unarmed Combat
  2917 | D:4      | Reached XP level 7. HP: 51/66 MP: 5/5
  3208 | D:5      | Entered Level 5 of the Dungeon
  3215 | D:5      | Found a staircase to the Ecumenical Temple.
  3237 | Temple   | Entered the Ecumenical Temple
  3316 | Temple   | Became a worshipper of Ru the Awakened
  3325 | Temple   | Gained mutation: You are missing a hand. [Ru sacrifice]
  3325 | Temple   | Reached * piety under Ru
  3325 | Temple   | Reached ** piety under Ru
  3325 | Temple   | Reached *** piety under Ru
  3569 | D:5      | Found a shattered altar of Ashenzari.
  3921 | D:6      | Found Mumeh's Gadget Boutique.
  4132 | D:6      | Found a glowing golden altar of the Shining One.
  4173 | D:6      | Noticed a hungry ghost
  4185 | D:6      | Reached skill level 9 in Unarmed Combat
  4189 | D:6      | Killed a hungry ghost
  4367 | D:6      | Reached XP level 8. HP: 74/74 MP: 6/6
  4407 | D:6      | Reached skill level 10 in Unarmed Combat
  5393 | D:7      | Reached skill level 11 in Unarmed Combat
  5421 | D:7      | Noticed Joseph
  5436 | D:7      | Killed Joseph
  5436 | D:7      | Reached XP level 9. HP: 34/84 MP: 7/7
  5803 | D:8      | Gained mutation: You are missing an eye, making it more difficult to aim. [Ru sacrifice]
  5857 | D:8      | HP: 1/127 [killer bee (7)]
  5861 | D:8      | Succumbed to a killer bee's poison

Vault maps used:
D:1:      minmay_arrival_four_houses, amethyst_killhole, st_stairs_12
D:2:      uniq_robin
D:3:      nicolae_dithmenos_shadow_blocks, overflow_temple_1_default,
          first_bread, feat_on_display
D:5:      cheibrodos_ashenzari_chains, grunt_ministairs_9
D:6:      lemuel_doored_altar, serial_shops, shop, corexii_leaking_fountain,
          minmay_holes, hangedman_decor_push
D:7:      uniq_joseph
Temple:   nicolae_temple_elliptical

Skill      XL: |  1  2  3  4  5  6  7  8  9 |
---------------+----------------------------+-----
Unarmed Combat | 4 5 7 8 9 11 | 11.6
Fighting       | 3 4 |  4.7
Dodging        | |  2.4
Stealth        | |  1.0

Action                   |  1- 3 |  4- 6 |  7- 9 || total
-------------------------+-------+-------+-------++-------
Melee: Unarmed           |    83 |   172 |   197 ||   452
       Punch             |       |     5 |     1 ||     6
Invok: Sacrifice a Hand  |       |       |     1 ||     1
       Sacrifice an Eye  |       |       |     1 ||     1
Evoke: Wand              |       |       |     1 ||     1
  Use: Scroll            |       |     8 |     1 ||     9
       Potion            |       |     1 |     4 ||     5
 Stab: Distracted        |     1 |       |       ||     1
       Sleeping          |     4 |     3 |     3 ||    10
       Invisible         |       |       |     3 ||     3
  Eat: Chunk             |    14 |    15 |    27 ||    56
       Meat ration       |       |       |     1 ||     1
Armor: Robe              |    32 |    58 |    46 ||   136
Dodge: Dodged            |    29 |   121 |    69 ||   219
